 Dungeon Crawl Stone Soup version 0.23-a0-891-g41af670 (webtiles) character file.

Game seed: 22871

621529 Geeful the Ninja (level 27, -16/164 HPs)
             Began as a Vampire Assassin on Feb 4, 2019.
             Was the Champion of Nemelex Xobeh.
             Killed from afar by a hellion (18 damage)
             ... with damnation
             ... on level 1 of the Realm of Zot on Feb 14, 2019.
             The game lasted 06:57:46 (98685 turns).

Geeful the Ninja (Vampire Assassin)                Turns: 98685, Time: 06:57:46

Health: -16/164    AC: 40    Str: 31    XL:     27
Magic:  28/28      EV: 29    Int: 11    God:    Nemelex Xobeh [******]
Gold:   5335       SH: 22    Dex: 22    Spells: 26/26 levels left

rFire    + + +     SeeInvis +   a - +9 quick blade (protect)
rCold    + . .     Gourm    .   W - +5 shield {AC+3}
rNeg     + + .     Faith    .   e - +2 shadow dragon scales
rPois    +         Spirit   .   Y - +2 hat
rElec    .         Reflect  .   o - +2 cloak {+Inv}
rCorr    .         Harm     .   D - +0 pair of gloves of Circular Logic {Str+8}
MR       ++...                  G - +2 pair of boots {Stlth+}
Stlth    ++++......             t - amulet of the acrobat
HPRegen  0.18/turn              I - ring "Qaobbuil" {rPois rF+++ AC+4 Str+3 Stlth-}
MPRegen  0.21/turn              v - ring "Cireof" {rPois Str+3 Int-2 Slay+4 SInv}

@: regenerating slowly
A: rotting body, fangs 3, icy blue scales 1, see invisible, dopey 1, frail 2,
screaming 1, strong 1, wild magic 1, unbreathing, MP-powered wands
0: Orb of Zot
}: 3/15 runes: serpentine, barnacled, silver
a: Bat Form, Draw Escape, Draw Destruction, Draw Summoning, Triple Draw, Deal
Four, Stack Five, Renounce Religion, Evoke Invisibility


You were on level 1 of the Realm of Zot.
You worshipped Nemelex Xobeh.
Nemelex Xobeh was exalted by your worship.
You were very thirsty.

You visited 11 branches of the dungeon, and saw 55 of its levels.
You visited the Abyss 1 time.
You visited 1 bazaar.
You also visited: Trove.

You collected 8782 gold pieces.
You spent 3447 gold pieces at shops.

Inventory:

Hand Weapons
 a - a +9 quick blade of protection (weapon)
 b - a +9 demon blade of flaming
Missiles
 E - 10 throwing nets (quivered)
Armour
 e - +2 shadow dragon scales (worn)
 o - a +2 cloak of invisibility (worn)
 u - +2 pearl dragon scales
 D - the +0 pair of gloves of Circular Logic (worn) {Str+8}
   (You acquired it on level 4 of the Snake Pit)

   It affects your strength (+8).
 G - a +2 pair of boots of stealth (worn)
 L - the +3 warlock's mirror {reflect}
   (You bought it in a shop on level 10 of the Dungeon)
 W - a +5 shield of protection (worn)
 Y - a +2 hat (worn)
Jewellery
 c - the ring "Gyzxyesm" {rF+ Int+2 Dex+3}
   (You found it on level 5 of the Depths)

   [ring of protection from fire]

   It affects your intelligence (+2).
   It affects your dexterity (+3).
   It protects you from fire.
 t - an amulet of the acrobat (around neck)
 v - the ring "Cireof" (right hand) {rPois Str+3 Int-2 Slay+4 SInv}
   (You found it on level 5 of the Depths)

   [ring of see invisible]

   It affects your strength (+3).
   It affects your intelligence (-2).
   It affects your accuracy and damage with ranged weapons and melee attacks
   (+4).
   It protects you from poison.
   It lets you see invisible.
 z - the ring of Generosity {rC+ Str+3}
   (You found it on level 1 of the Depths)

   [ring of strength]

   It affects your strength (+3).
   It protects you from cold.
 I - the ring "Qaobbuil" (left hand) {rPois rF+++ AC+4 Str+3 Stlth-}
   (You found it on level 13 of the Dungeon)

   [ring of protection]

   It affects your AC (+4).
   It affects your strength (+3).
   It renders you almost immune to fire.
   It protects you from poison.
   It makes you less stealthy.
 R - an uncursed ring of protection from magic
 X - an uncursed ring of resist corrosion
 Z - the amulet "Jalop" {Regen+ Dex+3}
   (You took it off a deep elf annihilator on level 3 of the Elven Halls)

   [amulet of regeneration]

   It affects your dexterity (+3).
   It increases your rate of regeneration.
Wands
 f - a wand of enslavement (8)
 q - a wand of digging (47)
 r - a wand of random effects (11)
 y - a wand of clouds (13)
 M - a wand of paralysis (20)
 N - a wand of disintegration (74)
 O - a wand of iceblast (32)
 U - a wand of acid (37)
Scrolls
 g - 2 scrolls of summoning
 h - 2 scrolls of identify
 n - 3 scrolls of magic mapping
 p - 8 scrolls of teleportation
 w - 5 scrolls of brand weapon
 C - 6 scrolls of torment
 F - 2 scrolls of fog
 J - a scroll of amnesia
 P - 18 scrolls of remove curse
 T - a scroll of silence
 V - 3 scrolls of fear
Potions
 j - 6 potions of resistance
 k - 6 potions of curing
 l - 5 potions of berserk rage
 m - 2 potions of heal wounds
 s - 6 potions of agility
 x - 4 potions of mutation
 A - 2 potions of lignification
 B - 6 potions of haste
 H - 4 potions of flight
 Q - a potion of cancellation
Miscellaneous
 i - a phantom mirror


   Skills:
 - Level 14.9 Fighting
 + Level 20.1(20.3) Short Blades
 - Level 5.6(13.7) Long Blades
 - Level 1.5 Throwing
 + Level 17.4 Armour
 + Level 24.0 Dodging
 O Level 27 Stealth
 - Level 18.2 Shields
 - Level 4.5 Invocations
 - Level 7.2 Evocations


You had 26 spell levels left.
You didn't know any spells.
Your spell library contained the following spells:

 Spells                   Type           Power        Failure   Level  Hunger
 Beastly Appendage        Tmut           #.....       77%         1    ##.....
 Confusing Touch          Hex            #.....       77%         1    ##.....
 Flame Tongue             Conj/Fire      #....        77%         1    ##.....
 Freeze                   Ice            #...         77%         1    ##.....
 Infusion                 Chrm           #...         77%         1    ##.....
 Magic Dart               Conj           #...         77%         1    ##.....
 Sting                    Conj/Pois      #...         77%         1    ##.....
 Summon Butterflies       Summ           #.......     77%         1    ##.....
 Summon Small Mammal      Summ           #...         77%         1    ##.....
 Blink                    Tloc           N/A          88%         2    ###....
 Call Imp                 Summ           #.......     88%         2    ###....
 Corpse Rot               Necr           N/A          88%         2    ###....
 Passwall                 Tmut/Erth      #.......     88%         2    ###....
 Poisonous Vapours        Pois/Air       #.....       88%         2    ###....
 Searing Ray              Conj           #.....       88%         2    ###....
 Shroud of Golubria       Chrm/Tloc      #.........   88%         2    ###....
 Slow                     Hex            #.......     88%         2    ###....
 Song of Slaying          Chrm           #.......     88%         2    ###....
 Sticks to Snakes         Tmut           #.......     88%         2    ###....
 Sublimation of Blood     Necr           #.........   88%         2    ###....
 Swiftness                Chrm/Air       #.......     88%         2    ###....
 Throw Flame              Conj/Fire      #.....       88%         2    ###....
 Throw Frost              Conj/Ice       #.....       88%         2    ###....
 Call Canine Familiar     Summ           #.......     98%         3    ####...
 Confuse                  Hex            #.......     98%         3    ####...
 Conjure Flame            Conj/Fire      #.......     98%         3    ####...
 Dazzling Spray           Conj/Hex       #.....       98%         3    ####...
 Gell's Gravitas          Tloc           #.........   98%         3    ####...
 Ignite Poison            Fire/Tmut/Pois #.......     98%         3    ####...
 Lesser Beckoning         Tloc           #.........   98%         3    ####...
 Mephitic Cloud           Conj/Pois/Air  #.......     98%         3    ####...
 Ozocubu's Armour         Chrm/Ice       #.......     98%         3    ####...
 Portal Projectile        Hex/Tloc       #.....       98%         3    ####...
 Recall                   Summ/Tloc      N/A          98%         3    ####...
 Regeneration             Chrm/Necr      #.........   98%         3    ####...
 Spectral Weapon          Hex/Chrm       #.......     98%         3    ####...
 Spider Form              Tmut/Pois      #.........   98%         3    ####...
 Static Discharge         Conj/Air       #.......     98%         3    ####...
 Stone Arrow              Conj/Erth      #.....       98%         3    ####...
 Summon Guardian Golem    Hex/Summ       #.......     98%         3    ####...
 Teleport Other           Tloc           #.......     98%         3    ####...
 Tukima's Dance           Hex            #.......     98%         3    ####...
 Animate Dead             Necr           N/A          100%        4    #####..
 Force Lance              Conj/Tloc      #.......     100%        4    #####..
 Fulminant Prism          Conj/Hex       #.........   100%        4    #####..
 Ice Form                 Ice/Tmut       #.......     100%        4    #####..
 Iskenderun's Mystic Bla  Conj           #.......     100%        4    #####..
 Olgreb's Toxic Radiance  Pois           #.......     100%        4    #####..
 Petrify                  Tmut/Erth      #.......     100%        4    #####..
 Summon Ice Beast         Ice/Summ       #.......     100%        4    #####..
 Summon Lightning Spire   Summ/Air       #.......     100%        4    #####..
 Throw Icicle             Conj/Ice       #.......     100%        4    #####..
 Agony                    Necr           #.......     100%        5    ######.
 Blade Hands              Tmut           #.........   100%        5    ######.
 Bolt of Draining         Conj/Necr      #.........   100%        5    ######.
 Borgnjor's Vile Clutch   Necr/Erth      #.........   100%        5    ######.
 Dispel Undead            Necr           #.......     100%        5    ######.
 Excruciating Wounds      Chrm/Necr      #.........   100%        5    ######.
 Fireball                 Conj/Fire      #.........   100%        5    ######.
 Irradiate                Conj/Tmut      #.........   100%        5    ######.
 Iskenderun's Battlesphe  Conj/Chrm      #.......     100%        5    ######.
 Lee's Rapid Deconstruct  Erth           #.........   100%        5    ######.
 Lightning Bolt           Conj/Air       #.........   100%        5    ######.
 Metabolic Englaciation   Hex/Ice        #.........   100%        5    ######.
 Silence                  Hex/Air        #.........   100%        5    ######.
 Summon Mana Viper        Hex/Summ       #.......     100%        5    ######.
 Venom Bolt               Conj/Pois      #.........   100%        5    ######.
 Yara's Violent Unravell  Hex/Tmut       #.........   100%        5    ######.
 Bolt of Cold             Conj/Ice       #.........   100%        6    #######
 Bolt of Fire             Conj/Fire      #.........   100%        6    #######
 Conjure Ball Lightning   Conj/Air       #.........   100%        6    #######
 Darkness                 Hex            #.........   100%        6    #######
 Death Channel            Necr           #.........   100%        6    #######
 Deflect Missiles         Chrm/Air       #.........   100%        6    #######
 Dispersal                Tloc           #.........   100%        6    #######
 Freezing Cloud           Conj/Ice/Air   #.........   100%        6    #######
 Hydra Form               Tmut           #.........   100%        6    #######
 Invisibility             Hex            #.......     100%        6    #######
 Ozocubu's Refrigeration  Ice            #.........   100%        6    #######
 Simulacrum               Ice/Necr       #.........   100%        6    #######
 Statue Form              Tmut/Erth      #........    100%        6    #######
 Dragon Form              Tmut           #.........   100%        7    #######
 Malign Gateway           Summ/Tloc      #.........   100%        7    #######
 Monstrous Menagerie      Summ           #.........   100%        7    #######
 Ring of Flames           Chrm/Fire      #.........   100%        7    #######
 Summon Greater Demon     Summ           #.........   100%        7    #######
 Summon Hydra             Summ           #.........   100%        7    #######
 Controlled Blink         Tloc           N/A          100%        8    #######
 Discord                  Hex            #.........   100%        8    #######
 Disjunction              Tloc           #.........   100%        8    #######
 Ignition                 Fire           #.........   100%        8    #######
 Summon Horrible Things   Summ           #.........   100%        8    #######
 Shatter                  Erth           #.........   100%        9    #######
 Tornado                  Air            #.........   100%        9    #######
 Passage of Golubria      Tloc           Unusable     N/A         4    N/A

Dungeon Overview and Level Annotations

Branches:
Dungeon (15/15)            Temple (1/1) D:6            Lair (6/6) D:11
 Shoals (4/4) Lair:2        Snake (4/4) Lair:2        Slime (5/5) Lair:6
    Orc (2/2) D:10            Elf (3/3) Orc:2        Vaults (5/5) D:13
  Crypt (0/3) Vaults:3     Depths (5/5) D:15            Zot (5/5) Depths:5

Altars:
Ashenzari
Cheibriados
Dithmenos
Elyvilon
Fedhas
Gozag
Hepliaklqana
Kikubaaqudgha
Makhleb
Nemelex Xobeh
Okawaru
Qazlal
Ru
Sif Muna
Trog
Uskayaw
Vehumet
Wu Jian
Xom
Yredelemnul
Zin
The Shining One
Beogh
Jiyva

Shops:
D:6 :}*   D:10 [   D:11 *   Orc:2 [[(?*   Elf:2 :   Snake:3 %=   Vaults:2 !
Depths:2 :*:

Portals:
Hell: Depths:1 Depths:2 Depths:3 Depths:4 Depths:5
Abyss: Depths:2 Depths:4
Pandemonium: Depths:2 Depths:3 Depths:5
Ziggurat: Depths:2

Annotations:
Snake:2 Saint Roka
Elf:2 exclusion: 3 doors


Innate Abilities, Weirdness & Mutations

Your body is rotting away.
You thrive on raw meat.
You heal slowly.
You have razor-sharp teeth.
You have supernaturally acute eyesight. (SInv)
You can survive without breathing.
You are partially covered in icy blue scales. (AC +2)
You are dopey. (Int -2)
You are very frail. (-20% HP)
You occasionally shout uncontrollably at your foes.
Your muscles are strong. (Str +2)
Your spells are a little harder to cast, but a little more powerful.
You expend magic power (3 MP) to strengthen your wands.


Message History

The sphere of damnation explodes!
The damnation engulfs you!! The hellion gestures at you.
The sphere of damnation explodes!
The damnation engulfs you!!
* * * LOW HITPOINT WARNING * * *
You see here a +0 halberd.
You see here a +0 scimitar.
Okay, then.
Things that are here:
a +1 cloak; a +0 dagger of venom The hellion gestures at you.
The sphere of damnation explodes!
The damnation engulfs you!
* * * LOW HITPOINT WARNING * * *
The hellion gestures at you.
The sphere of damnation explodes!
The damnation engulfs you!
* * * LOW HITPOINT WARNING * * *
There is a gate leading back out of this place here.
The hellion gestures at you.
The sphere of damnation explodes!
The damnation engulfs you!!
You die...
Your body glows slightly and disappears.

..# ##...#### ..#
#......# .##
##.....#
..#######....#
......###....##
#.............##
##.......###...##
##......# ##.%.##
##...### ##..@#
###...## ##..#
###......## #...#
..........## #)[)#
...........###)2)#
...####.....##)..#
#### ####.......#
#....)).#
#......)####


You could see a hellion.

Vanquished Creatures
  6 ancient liches
  3 orbs of fire (Zot:5)
  3 juggernauts
  2 Killer Klowns
  A caustic shrike (Depths:2)
  5 golden dragons
  the Enchantress (Depths:3)
  An electric golem (Zot:1)
  8 tentacled monstrosities
  An Ice Fiend (Zot:1)
  19 Orb Guardians (Zot:5)
  5 titans
  Asterion (Vaults:2)
  3 deep elf master archers (Elf:3)
  8 acid blobs
  3 deep elf blademasters
  3 liches
  7 death cobs
  2 quicksilver dragons
  8 sphinxes
  9 tengu reavers
  An ancient champion (Depths:5)
  Frances (Snake:1)
  14 storm dragons
  Kirke (Snake:1)
  6 shadow dragons
  7 nagarajas
  3 draconian monks
  2 azure jellies
  10 fire giants
  11 frost giants
  6 draconian knights
  6 deep elf sorcerers
  14 vault wardens
  3 draconian scorchers
  A balrug (Zot:3)
  4 iron dragons
  9 deep elf elementalists
  3 draconian stormcallers
  2 draconian shifters (Zot:1)
  2 ghost moths
  6 spriggan defenders
  23 stone giants
  2 draconian annihilators
  16 very ugly things
  11 ironheart preservers
  2 entropy weavers
  2 vampire knights
  13 deep elf demonologists
  11 green draconians
  3 red draconians
  2 white draconians (Zot:5)
  6 purple draconians
  5 black draconians
  6 spark wasps
  17 deep elf annihilators
  4 yellow draconians
  8 ettins
  2 ettins (shapeshifter)
  A merfolk javelineer (Shoals:4)
  7 fire dragons
  6 merfolk impalers (Shoals:4)
  2 death oozes (Slime:5)
  A blizzard demon (Depths:1)
  10 deep elf death magi
  Josephine (D:13)
  30 vault guards
  14 yaktaur captains
  2 jiangshi (Depths:1)
  Harold (D:9)
  8 deep elf high priests
  9 great orbs of eyes
  Erolcha (D:9)
  11 naga warriors
  2 merfolk avatars
  15 ice dragons
  8 hydras
  3 spriggan air magi
  A death knight (Vaults:4)
  16 anacondas
  2 catoblepae
  4 rakshasas
  13 centaur warriors
  5 merfolk aquamancers
  Erica (D:9)
  17 dancing weapons
  50 two-headed ogres
  17 ogre magi
  2 satyrs
  A vampire mage (Depths:1)
  10 tengu warriors
  A titan zombie (Depths:2)
  5 deep troll earth magi
  9 deep troll shamans
  3 orc high priests
  2 spriggan berserkers
  5 naga sharpshooters
  6 shock serpents
  36 deep elf knights
  2 shadow wraiths
  13 hell knights
  2 soul eaters (Depths:3)
  16 skeletal warriors
  5 sun demons
  A salamander mystic (Depths:3)
  2 sixfirhies (Depths:3)
  3 iron trolls
  2 glowing orange brains
  A tengu zombie (Vaults:3)
  21 sea snakes
  A death drake (shapeshifter) (Depths:1)
  A sea snake (shapeshifter) (Depths:4)
  2 flayed ghosts (Depths:4)
  14 deep trolls
  5 naga ritualists
  An unseen horror (Vaults:1)
  25 deep elf archers
  2 glowing orange brains (shapeshifter)
  A kraken simulacrum (Shoals:4)
  A lindwurm (Shoals:2)
  An orange crystal statue (Elf:3)
  14 ironbrand convokers
  A swamp dragon (Lair:6)
  15 orc knights
  3 wizards
  A harpy (shapeshifter) (Vaults:3)
  A swamp dragon (shapeshifter) (Depths:4)
  7 harpies
  An orb spider (Lair:3)
  7 mana vipers
  A shadow dragon skeleton (Depths:2)
  3 orc sorcerers
  3 wolf spiders
  Pikel (D:6)
  7 necromancers
  3 phantasmal warriors
  3 fire giant zombies
  8 fauns
  A tengu skeleton (Vaults:3)
  7 cyclopes
  11 salamanders
  33 ugly things
  2 frost giant zombies
  3 moths of wrath (Zot:1)
  5 shining eyes
  65 deep elf magi
  A moth of wrath (shapeshifter) (Vaults:5)
  10 manticores
  9 merfolk sirens
  A fire giant skeleton (Vaults:3)
  A frost giant skeleton (Vaults:3)
  10 guardian serpents
  13 elephants
  A smoke demon (Depths:1)
  A stone giant skeleton (Vaults:4)
  2 storm dragon simulacra (Vaults:3)
  21 naga magi
  39 black mambas
  2 eyes of devastation
  11 spiny frogs
  4 water nymphs
  A gargoyle (D:11)
  17 vault sentinels
  A centaur skeleton (D:12)
  A yaktaur zombie (Vaults:3)
  5 komodo dragons
  51 yaktaurs
  A hellion (Depths:1)
  2 rime drakes (shapeshifter)
  4 efreet
  3 freezing wraiths (Vaults:4)
  6 ice devils
  2 merfolk (shapeshifter)
  A tormentor (Depths:3)
  A hellwing (Depths:3)
  2 kobold demonologists (D:13)
  A queen bee (D:15)
  9 tengu conjurers
  A yaktaur skeleton (Vaults:3)
  A harpy zombie (D:15)
  15 merfolk
  6 trolls
  6 polar bears
  4 jumping spiders
  2 tengu simulacra
  2 jumping spiders (shapeshifter)
  2 wind drakes
  A polar bear (shapeshifter) (D:15)
  An ettin zombie (Vaults:2)
  18 blink frogs
  A blink frog (shapeshifter) (Vaults:4)
  4 hornets
  9 snapping turtles
  3 dream sheep (Shoals:2)
  10 hippogriffs
  A fire giant simulacrum (Depths:2)
  A raiju (Lair:6)
  69 slime creatures
  A frost giant simulacrum (Vaults:2)
  Sigmund (D:2)
  4 air elementals
  4 redbacks
  13 water elementals
  4 spriggans
  50 yaks
  3 fire elementals
  A tarantella (Vaults:3)
  2 wyverns
  4 basilisks
  A spriggan (shapeshifter) (Vaults:4)
  5 wraiths
  2 ettin skeletons (Vaults:3)
  A redback (shapeshifter) (Depths:4)
  A vampire (D:15)
  A hog (shapeshifter) (Vaults:2)
  5 hogs (D:10)
  2 humans
  3 fire bats (Lair:6)
  5 steam dragons
  5 hungry ghosts
  Eustachio (D:6)
  Menkaure (D:4)
  6 vampire mosquitoes
  Edmund (D:5)
  14 wargs
  9 acid dragons
  43 nagas
  12 water moccasins
  13 hell hounds (Lair:6)
  8 floating eyes
  62 orc warriors
  9 porcupines
  A sky beast (shapeshifter) (Vaults:2)
  4 swamp drakes
  2 slaves (D:5)
  8 ice beasts
  3 eyes of draining
  3 phantoms
  9 black bears (Lair:6)
  6 sky beasts
  10 boggarts
  52 ogres
  2 necrophages
  22 centaurs
  30 wolves
  12 crocodiles
  8 big kobolds
  14 bullfrogs
  A bullfrog (shapeshifter) (Depths:1)
  A gnoll sergeant (D:10)
  An elf skeleton (D:15)
  2 earth elementals (Elf:1)
  8 scorpions
  A wyvern skeleton (D:13)
  8 killer bees
  4 electric eels (Lair:2)
  5 wights
  5 howler monkeys
  17 crimson imps
  4 centaur zombies
  3 quasits
  A human simulacrum (Vaults:2)
  5 human zombies
  5 jellies
  7 hounds
  Crazy Yiuf (D:2)
  13 orc priests
  A bullfrog skeleton (D:9)
  5 human skeletons
  An iguana (shapeshifter) (Vaults:5)
  2 iron imps (Depths:3)
  Jessica (D:2)
  Ijyb (D:4)
  Natasha (thrice) (D:4)
  6 iguanas
  13 orc wizards
  16 worker ants
  2 hound zombies
  2 mummies (D:15)
  A worker ant zombie (D:8)
  2 howler monkey zombies (D:9)
  9 gnolls
  7 adders
  5 shadow imps
  10 white imps
  An ufetubus (Depths:3)
  2 adder zombies (D:9)
  An adder skeleton (D:5)
  8 worms
  A ball lightning (Depths:4)
  2 leopard geckos
  109 orcs
  5 giant cockroaches
  6 hobgoblins
  4 jackals (D:1)
  3 quokkas
  3 ball pythons
  A ball python zombie (D:5)
  11 bats
  6 frilled lizards
  7 goblins
  21 kobolds
  A leopard gecko skeleton (D:8)
  An orc zombie (D:15)
  12 rats
  3 crawling corpses
  2 plants
  A tentacle (Shoals:4)
2274 creatures vanquished.

Vanquished Creatures (collateral kills)
  2 frost giants
  An ironheart preserver (Vaults:4)
  A deep elf annihilator (Vaults:5)
  A hydra (D:13)
  A deep elf high priest (Vaults:5)
  A yaktaur captain (Vaults:5)
  A naga warrior (Snake:4)
  An ogre mage (Vaults:4)
  A naga sharpshooter (Snake:4)
  An orc knight (Orc:2)
  An ugly thing (D:12)
  3 fauns (Shoals:3)
  A salamander (Snake:3)
  A merfolk siren (Shoals:4)
  2 naga magi (Snake:3)
  A black mamba (Snake:3)
  A gargoyle (D:12)
  2 tengu conjurers (D:12)
  A troll (D:12)
  A hippogriff (D:12)
  A raiju (Lair:6)
  2 yaks (D:12)
  A wraith (D:13)
  2 wargs (Orc:2)
  An acid dragon (D:12)
  A porcupine (Lair:3)
  An ice beast (D:12)
  2 black bears (Lair:6)
  2 orc warriors (Orc:2)
  5 wolves
  2 orc priests (D:10)
  An orc wizard (D:10)
  5 orcs (Orc:2)
  A kobold (D:12)
  A crawling corpse (Vaults:5)
53 creatures vanquished.

Vanquished Creatures (others)
  A draconian knight (Zot:1)
  A draconian stormcaller (Zot:1)
  A spark wasp (Depths:3)
  A merfolk javelineer (Shoals:4)
  A yaktaur captain (Depths:3)
  3 two-headed ogres (Depths:3)
  A naga sharpshooter (Snake:4)
  2 shock serpents (Snake:4)
  4 deep elf knights
  A hell knight (Depths:4)
  A salamander mystic (Snake:4)
  2 deep elf archers (Elf:2)
  A naga ritualist (Snake:4)
  6 deep elf magi
  A yaktaur (Vaults:3)
  4 polar bears (Lair:6)
  A water elemental (Shoals:2)
  A tarantella (shapeshifter) (Vaults:3)
  3 humans (Snake:1)
  A naga (Snake:3)
  A porcupine (Lair:3)
  2 acid dragons
  A swamp drake (Lair:3)
  A hell hound (Lair:6)
  A slave (D:6)
  2 ogres
  A boggart (Depths:2)
  2 wolves (Lair:6)
  A crocodile (Lair:6)
  A howler monkey (Lair:3)
  3 crimson imps
  2 iguanas
  6 ball lightnings
  4 orcs
  5 fungi
  11 plants
  4 tentacles (Shoals:4)
85 creatures vanquished.

Grand Total: 2412 creatures vanquished

Notes
Turn   | Place    | Note
-------+----------+-------------------------------------------
     0 | D:1      | WeeklyChallenge the Vampire Assassin began the quest for
                  | the Orb.
     0 | D:1      | Reached XP level 1. HP: 16/16 MP: 1/1
    87 | D:1      | Reached skill level 6 in Stealth
   349 | D:1      | Reached XP level 2. HP: 21/22 MP: 2/2
  1160 | D:2      | Reached XP level 3. HP: 26/27 MP: 3/3
  1192 | D:2      | Noticed Jessica
  1199 | D:2      | Killed Jessica
  1287 | D:2      | Found an iron altar of Okawaru.
  1336 | D:2      | Noticed Sigmund
  1338 | D:2      | Killed Sigmund
  1338 | D:2      | Reached skill level 7 in Stealth
  1338 | D:2      | Reached XP level 4. HP: 35/35 MP: 4/4
  1338 | D:2      | Reached XP level 5. HP: 41/41 MP: 5/5
  1708 | D:2      | Noticed an ogre
  1753 | D:2      | Killed an ogre
  1753 | D:2      | Reached XP level 6. HP: 47/47 MP: 3/6
  1972 | D:2      | Found a runed translucent door.
  1979 | D:2      | Noticed Crazy Yiuf
  1986 | D:2      | Killed Crazy Yiuf
  2422 | D:3      | Reached skill level 8 in Stealth
  3104 | D:3      | You fall through a shaft for 2 floors!
  3104 | D:5      | Entered Level 5 of the Dungeon
  3290 | D:4      | Noticed Menkaure
  3391 | D:4      | Noticed Ijyb
  3417 | D:4      | Killed Ijyb
  3417 | D:4      | Reached XP level 7. HP: 29/53 MP: 7/7
  3622 | D:4      | Noticed Natasha
  3630 | D:4      | Killed Natasha
  3708 | D:4      | Noticed Natasha
  3733 | D:4      | Killed Natasha
  3800 | D:4      | Killed Menkaure
  3800 | D:4      | Reached skill level 5 in Short Blades
  3888 | D:4      | Noticed Natasha
  3897 | D:4      | Killed Natasha
  4203 | D:5      | Reached skill level 9 in Stealth
  4334 | D:5      | Reached skill level 5 in Dodging
  4334 | D:5      | Reached XP level 8. HP: 51/61 MP: 8/8
  4617 | D:5      | Noticed Edmund
  4922 | D:5      | Killed Edmund
  4922 | D:5      | Reached skill level 10 in Stealth
  5056 | D:5      | Reached skill level 5 in Fighting
  5293 | D:5      | Reached skill level 1 in Evocations
  5405 | D:5      | Found a snail-covered altar of Cheibriados.
  5653 | D:6      | Found Utwurot's Assorted Antiques.
  5712 | D:6      | Noticed Eustachio
  5737 | D:6      | Killed Eustachio
  5898 | D:6      | Noticed Pikel
  5967 | D:6      | Found a staircase to the Ecumenical Temple.
  5977 | Temple   | Entered the Ecumenical Temple
  6233 | D:6      | Identified the +1 leather armour of Ifettoco {*Slow rF+
                  | Regen+ SInv}
  6242 | D:6      | Killed Pikel
  6242 | D:6      | Reached XP level 9. HP: 68/68 MP: 8/10
  6271 | D:6      | Reached skill level 11 in Stealth
  6276 | D:6      | Found Tiwno's Gadget Shoppe.
  6728 | D:6      | Found a shimmering altar of Xom.
  6733 | D:6      | Found a bloodstained altar of Trog.
  6733 | D:6      | Found a sparkling altar of Nemelex Xobeh.
  6733 | D:6      | Found a white marble altar of Elyvilon.
  6734 | D:6      | Found a glowing golden altar of the Shining One.
  6735 | D:6      | Found a shadowy altar of Dithmenos.
  6736 | D:6      | Found a basalt altar of Yredelemnul.
  6746 | D:6      | Became a worshipper of Nemelex Xobeh the Trickster
  6862 | D:6      | Found Gofin's Book Boutique.
  6898 | D:6      | Identified a scroll of acquirement
  6953 | D:7      | Received a gift from Nemelex Xobeh
  7197 | D:7      | Reached skill level 1 in Invocations
  7919 | D:7      | Got a pitted leather armour
  8105 | D:7      | Reached * piety under Nemelex Xobeh
  8110 | D:7      | Identified the cursed +0 leather armour of the Gate {rPois}
                  | (You found it on level 7 of the Dungeon)
  8494 | D:8      | Noticed a two-headed ogre
  8728 | D:8      | Reached XP level 10. HP: 77/77 MP: 12/12
  8959 | D:8      | Found a radiant altar of Vehumet.
  9042 | D:8      | Killed a two-headed ogre
  9042 | D:8      | Reached skill level 12 in Stealth
  9190 | D:9      | Reached ** piety under Nemelex Xobeh
  9342 | D:9      | Received a gift from Nemelex Xobeh
  9344 | D:9      | Noticed Erolcha
  9357 | D:9      | Killed Erolcha
  9552 | D:9      | Found a white marble altar of Elyvilon.
  9599 | D:9      | Noticed Erica
  9599 | D:9      | Noticed a manticore
  9606 | D:9      | Killed Erica
  9606 | D:9      | Reached skill level 5 in Evocations
  9610 | D:9      | Killed a manticore
  9694 | D:9      | Noticed a green ugly thing
  9721 | D:9      | Killed a green ugly thing
  9721 | D:9      | Reached XP level 11. HP: 64/84 MP: 14/14
  9954 | D:9      | Noticed Harold
  9960 | D:9      | Killed Harold
  9960 | D:9      | Reached skill level 13 in Stealth
 10305 | D:10     | Entered Level 10 of the Dungeon
 10403 | D:10     | Received a gift from Nemelex Xobeh
 10410 | D:10     | Found a staircase to the Orcish Mines.
 11301 | D:10     | Reached *** piety under Nemelex Xobeh
 11642 | D:10     | Found Hiwup's Armour Shoppe.
 11651 | D:10     | Bought a +0 pair of boots for 67 gold pieces
 11651 | D:10     | Bought the +3 warlock's mirror {reflect} for 600 gold
                  | pieces
 11651 | D:10     | Found the +3 warlock's mirror {reflect}
 11730 | D:11     | Reached skill level 1 in Shields
 11887 | D:11     | Received a gift from Nemelex Xobeh
 11940 | D:11     | Found a staircase to the Lair.
 11954 | D:11     | Found Yreroiqo's General Store.
 12276 | D:11     | Noticed a deep elf mage
 12310 | D:11     | Killed a deep elf mage
 12679 | D:11     | Bought a +0 pair of gloves for 81 gold pieces
 13356 | D:11     | Received a gift from Nemelex Xobeh
 14188 | D:12     | Reached XP level 12. HP: 52/92 MP: 16/16
 14757 | D:12     | Found a snail-covered altar of Cheibriados.
 14983 | D:12     | Reached skill level 14 in Stealth
 15027 | D:12     | Reached skill level 5 in Shields
 15031 | D:12     | Received a gift from Nemelex Xobeh
 15295 | D:12     | Reached skill level 10 in Short Blades
 16293 | D:13     | Reached **** piety under Nemelex Xobeh
 16319 | D:13     | Got a smoking lapis lazuli ring
 16325 | D:13     | Identified the ring "Qaobbuil" {rPois rF+++ AC+4 Str+3
                  | Stlth-} (You found it on level 13 of the Dungeon)
 16363 | D:13     | Noticed a centaur warrior
 16367 | D:13     | Killed a centaur warrior
 16367 | D:13     | Reached skill level 10 in Dodging
 16498 | D:13     | Noticed an eight-headed hydra
 16578 | D:13     | Noticed a tengu warrior
 16579 | D:13     | Noticed Josephine
 16645 | Lair:1   | Entered Level 1 of the Lair of Beasts
 16645 | Lair:1   | Received a gift from Nemelex Xobeh
 16722 | Lair:1   | Found an iron altar of Okawaru.
 17487 | Lair:1   | Noticed a seven-headed hydra
 17492 | Lair:1   | Killed a seven-headed hydra
 17504 | Lair:1   | Received a gift from Nemelex Xobeh
 18154 | Lair:2   | Reached skill level 15 in Stealth
 18158 | Lair:2   | Reached XP level 13. HP: 93/101 MP: 18/18
 18624 | Lair:2   | Found a staircase to the Snake Pit.
 18703 | Lair:2   | Received a gift from Nemelex Xobeh
 18816 | Lair:2   | Reached ***** piety under Nemelex Xobeh
 18846 | Lair:2   | Found a staircase to the Shoals.
 19368 | Lair:3   | Received a gift from Nemelex Xobeh
 20654 | Lair:3   | Received a gift from Nemelex Xobeh
 20709 | Lair:3   | Got a scorched leather armour
 20711 | Lair:3   | Identified the cursed +1 leather armour "Afoschari" {rC+
                  | rN+} (You found it on level 3 of the Lair of Beasts)
 21118 | Lair:4   | Received a gift from Nemelex Xobeh
 21385 | Lair:4   | Received a gift from Nemelex Xobeh
 21493 | Lair:4   | Reached skill level 16 in Stealth
 21974 | Lair:5   | Reached skill level 10 in Fighting
 21974 | Lair:5   | Reached XP level 14. HP: 109/111 MP: 19/19
 22313 | Lair:5   | Reached skill level 17 in Stealth
 22339 | Lair:5   | Received a gift from Nemelex Xobeh
 22513 | Lair:6   | Entered Level 6 of the Lair of Beasts
 22669 | Lair:6   | Found a staircase to the Slime Pits.
 22669 | Lair:6   | Found a viscous altar of Jiyva.
 22688 | Lair:6   | Received a gift from Nemelex Xobeh
 23090 | Lair:6   | Reached XP level 15. HP: 110/117 MP: 20/20
 24072 | Lair:6   | Reached ****** piety under Nemelex Xobeh
 24265 | Lair:6   | Received a gift from Nemelex Xobeh
 25192 | Lair:6   | Reached skill level 18 in Stealth
 25320 | Lair:6   | Got a translucent rapier
 25371 | Lair:6   | Identified the +6 rapier of Suestret {pierce, Stlth+} (You
                  | found it on level 6 of the Lair of Beasts)
 26123 | Orc:1    | Entered Level 1 of the Orcish Mines
 26673 | Orc:2    | Entered Level 2 of the Orcish Mines
 26673 | Orc:2    | Found a roughly hewn altar of Beogh.
 29002 | Orc:2    | Received a gift from Nemelex Xobeh
 29589 | Orc:2    | Found a roughly hewn altar of Beogh.
 29614 | Orc:2    | Found Iffom's Antique Armour Shoppe.
 29614 | Orc:2    | Found Piozxuli's Antique Armour Boutique.
 29624 | Orc:2    | Bought a pair of embroidered gloves for 262 gold pieces
 29682 | Orc:2    | Found Zuen's Antique Weapon Shoppe.
 29682 | Orc:2    | Found Laenuup's Magic Scroll Boutique.
 29700 | Orc:2    | Bought a scroll of identify for 24 gold pieces
 29700 | Orc:2    | Bought a scroll of identify for 24 gold pieces
 29700 | Orc:2    | Bought a scroll of blinking for 90 gold pieces
 29700 | Orc:2    | Bought a scroll of enchant armour for 90 gold pieces
 30118 | Orc:2    | Found Emneil's General Store.
 30126 | Orc:2    | Bought a +2 pair of boots of stealth for 344 gold pieces
 30126 | Orc:2    | Bought a scroll of identify for 32 gold pieces
 30157 | Orc:2    | Found a staircase to the Elven Halls.
 31048 | D:13     | Received a gift from Nemelex Xobeh
 31052 | D:13     | Found a gate to the Vaults.
 31462 | D:13     | Reached skill level 10 in Shields
 31892 | D:13     | Killed Josephine
 31980 | D:13     | You fall through a shaft for 2 floors!
 31980 | D:15     | Entered Level 15 of the Dungeon
 32034 | D:15     | Found a staircase to the Depths.
 32361 | D:14     | Found a portal to a secret trove of treasure.
 32571 | D:14     | Reached skill level 19 in Stealth
 32702 | D:14     | Received a gift from Nemelex Xobeh
 32746 | D:14     | Reached XP level 16. HP: 115/127 MP: 21/21
 33511 | D:15     | Received a gift from Nemelex Xobeh
 33736 | D:15     | Found an ancient bone altar of Kikubaaqudgha.
 35250 | D:15     | Found a gateway to a bazaar.
 35255 | Bazaar   | Entered a bazaar
 35255 | Bazaar   | Found Siaqeisch's Magic Scroll Emporium.
 35262 | Bazaar   | Found Yrphee's Antique Weapon Boutique.
 35270 | Bazaar   | Found Huuqah's Antique Armour Boutique.
 35281 | Bazaar   | Found Qonli's General Store.
 35289 | Bazaar   | Bought a scroll of brand weapon for 240 gold pieces
 35297 | Bazaar   | Found Arear's Jewellery Shop.
 35305 | Bazaar   | Bought an uncursed ring of stealth for 210 gold pieces
 35326 | Bazaar   | Bought an uncursed ring of resist corrosion for 240 gold
                  | pieces
 35338 | Bazaar   | Bought a potion of curing for 36 gold pieces
 35338 | Bazaar   | Bought 2 potions of curing for 72 gold pieces
 35394 | Bazaar   | Bought a scroll of magic mapping for 42 gold pieces
 35394 | Bazaar   | Bought a scroll of teleportation for 36 gold pieces
 35461 | Bazaar   | Bought a scroll of teleportation for 36 gold pieces
 35461 | Bazaar   | Bought a scroll of magic mapping for 42 gold pieces
 35685 | Shoals:1 | Entered Level 1 of the Shoals
 35693 | Shoals:1 | Got a faintly humming robe
 35694 | Shoals:1 | Identified the +2 robe of Trial and Error {Dex+3} (You
                  | found it on level 1 of the Shoals)
 36243 | Shoals:1 | Received a gift from Nemelex Xobeh
 36333 | Shoals:1 | Received a gift from Nemelex Xobeh
 37592 | Shoals:2 | Reached skill level 20 in Stealth
 37881 | Shoals:2 | Received a gift from Nemelex Xobeh
 37944 | Shoals:2 | HP: 2/129 [merfolk javelineer/javelin (26)]
 38525 | Shoals:1 | Received a gift from Nemelex Xobeh
 38573 | Shoals:2 | Identified Paonaf's Reference Book on Malediction
 40643 | Shoals:3 | Reached skill level 15 in Dodging
 40748 | Shoals:4 | Entered Level 4 of the Shoals
 41750 | Shoals:4 | Reached XP level 17. HP: 134/136 MP: 22/22
 42978 | Shoals:4 | Identified the +1 trident "Ybuoposu" {antimagic, SInv}
 43062 | Shoals:4 | Received a gift from Nemelex Xobeh
 43488 | Shoals:4 | Got a barnacled rune of Zot
 43878 | Shoals:4 | Received a gift from Nemelex Xobeh
 44116 | Snake:1  | Entered Level 1 of the Snake Pit
 44139 | Snake:1  | Noticed Kirke
 44173 | Snake:1  | Killed Kirke
 44203 | Snake:1  | Reached skill level 21 in Stealth
 44521 | Snake:1  | Noticed Frances
 44887 | Snake:1  | Received a gift from Nemelex Xobeh
 45127 | Snake:1  | Identified the +2 long sword of Vorivid {drain, Int-4
                  | Dex+6}
 45137 | Snake:1  | Killed Frances
 45665 | Snake:2  | Noticed Saint Roka
 47262 | Snake:3  | Received a gift from Nemelex Xobeh
 47629 | Snake:3  | Found Efysoch's Food Shoppe.
 47637 | Snake:3  | Found Goenuagod's Jewellery Emporium.
 48628 | Snake:3  | Received a gift from Nemelex Xobeh
 48825 | Snake:4  | Entered Level 4 of the Snake Pit
 49099 | Snake:4  | Reached skill level 22 in Stealth
 49134 | Snake:4  | Reached XP level 18. HP: 103/146 MP: 17/23
 53415 | Snake:4  | Got a pair of smoking gloves
 53416 | Snake:4  | Identified the +0 pair of gloves of Circular Logic {Str+8}
                  | (You acquired it on level 4 of the Snake Pit)
 53710 | Snake:4  | Got a serpentine rune of Zot
 54363 | Snake:2  | Received a gift from Nemelex Xobeh
 54544 | Vaults:1 | Entered Level 1 of the Vaults
 55885 | Vaults:1 | Reached skill level 23 in Stealth
 55975 | Vaults:1 | Received a gift from Nemelex Xobeh
 56344 | Vaults:1 | Received a gift from Nemelex Xobeh
 57121 | Vaults:1 | Reached XP level 19. HP: 116/154 MP: 24/24
 58352 | Vaults:2 | Found Qomynu's Distillery.
 58371 | Vaults:2 | Bought a potion of curing for 57 gold pieces
 58547 | Vaults:2 | Received a gift from Nemelex Xobeh
 58723 | Vaults:2 | Reached skill level 15 in Shields
 58840 | Vaults:2 | Got a crystal rapier
 58841 | Vaults:2 | Identified the +5 rapier of the Sea {vamp, *Noise rElec
                  | rPois Str+5} (You found it on level 2 of the Vaults)
 59866 | Vaults:2 | Noticed Asterion
 60302 | Vaults:2 | Killed Asterion
 60307 | Vaults:2 | Received a gift from Nemelex Xobeh
 61739 | Vaults:3 | Reached XP level 20. HP: 161/161 MP: 25/25
 62156 | Vaults:3 | Identified the cursed +0 scale mail "Opruymn" {+Inv rF- rC+
                  | Str+8 Int-2}
 63139 | Vaults:3 | Received a gift from Nemelex Xobeh
 63389 | Vaults:3 | Found a staircase to the Crypt.
 63616 | Vaults:4 | Reached skill level 1 in Long Blades
 63622 | Vaults:4 | Reached skill level 1 in Armour
 64018 | Vaults:4 | Found a sacrificial altar of Ru.
 64681 | Vaults:4 | Received a gift from Nemelex Xobeh
 65369 | Vaults:4 | Received a gift from Nemelex Xobeh
 65948 | Elf:1    | Entered Level 1 of the Elven Halls
 66031 | Elf:1    | Received a gift from Nemelex Xobeh
 66048 | Elf:1    | Reached skill level 5 in Long Blades
 66814 | D:14     | You paid a toll of 17 potions of curing to enter a treasure
                  | trove
 66815 | Trove    | Entered a treasure trove
 66849 | Trove    | Got a slimy turquoise ring
 66853 | Trove    | Got a bloodstained quick blade
 66888 | D:14     | Identified the ring of Feofrah {+Fly rC+ MR+ Str-4 Dex+2}
                  | (You found it in a treasure trove)
 66889 | D:14     | Identified the +6 quick blade of the Doomed Warrior {vamp,
                  | rElec rC+ rN++ MR-} (You found it in a treasure trove)
 66939 | Depths:1 | Entered Level 1 of the Depths
 67009 | Depths:1 | Received a gift from Nemelex Xobeh
 67163 | Depths:1 | Identified the +8 flail of Gelava {protect, rElec Dex+2}
 67191 | Depths:1 | Reached XP level 21. HP: 149/167 MP: 26/26
 67197 | Depths:1 | Reached skill level 5 in Armour
 67385 | Depths:1 | Got a scorched steel ring
 67393 | Depths:1 | Got a pitted leather armour
 67394 | Depths:1 | Identified the ring of Generosity {rC+ Str+3} (You found it
                  | on level 1 of the Depths)
 67406 | Depths:1 | Identified the +2 leather armour "Buesm" {*Slow rF- Dex+10}
                  | (You found it on level 1 of the Depths)
 68137 | Depths:1 | Found a gateway to Hell.
 68945 | Depths:2 | Found a one-way gate to the infinite horrors of the Abyss.
 69242 | Depths:2 | Found a gateway to a ziggurat.
 69265 | Depths:2 | Paralysed by a floating eye for 2 turns
 69449 | Depths:2 | Found Xuecsim's Book Boutique.
 69458 | Depths:2 | Paralysed by a great orb of eyes for 2 turns
 69492 | Depths:2 | Found Jilang's Assorted Antiques.
 69500 | Depths:2 | Bought a scroll of teleportation for 141 gold pieces
 69500 | Depths:2 | Bought a tubular emerald ring for 235 gold pieces
 69500 | Depths:2 | Bought a scroll of blinking for 352 gold pieces
 69500 | Depths:2 | Bought a scroll of identify for 94 gold pieces
 69688 | Depths:2 | Reached skill level 24 in Stealth
 69972 | Depths:2 | Noticed a caustic shrike
 70005 | Depths:2 | Killed a caustic shrike
 70007 | Depths:2 | Paralysed by a vampire knight for 3 turns
 70225 | Depths:2 | Paralysed by a floating eye for 4 turns
 70232 | Depths:2 | Gained mutation: Your spells are a little harder to cast,
                  | but a little more powerful. [a shining eye]
 70236 | Depths:2 | Paralysed by a floating eye for 4 turns
 70239 | Depths:2 | Gained mutation: You are frail. (-10% HP) [a shining eye]
 70247 | Depths:2 | Paralysed by a floating eye for 2 turns
 70280 | Depths:2 | Lost mutation: You are frail. (-10% HP) [potion of
                  | mutation]
 70280 | Depths:2 | Lost mutation: Your spells are a little harder to cast, but
                  | a little more powerful. [potion of mutation]
 70280 | Depths:2 | Gained mutation: Your body sometimes deteriorates upon
                  | taking damage. [potion of mutation]
 70280 | Depths:2 | Gained mutation: Your flesh is heat resistant. (rF+)
                  | [potion of mutation]
 70280 | Depths:2 | Gained mutation: Your flesh is cold resistant. (rC+)
                  | [potion of mutation]
 70281 | Depths:2 | Lost mutation: Your flesh is heat resistant. (rF+) [potion
                  | of mutation]
 70281 | Depths:2 | Lost mutation: Your flesh is cold resistant. (rC+) [potion
                  | of mutation]
 70281 | Depths:2 | Lost mutation: Your body sometimes deteriorates upon taking
                  | damage. [potion of mutation]
 70281 | Depths:2 | Gained mutation: Your system is resistant to poisons.
                  | (rPois) [potion of mutation]
 70281 | Depths:2 | Gained mutation: Your muscles are strong. (Str +2) [potion
                  | of mutation]
 70427 | Depths:2 | Received a gift from Nemelex Xobeh
 70678 | Depths:2 | Found a one-way gate leading to the halls of Pandemonium.
 70908 | Depths:2 | Got a jewelled scale mail
 70909 | Depths:2 | Identified the +1 scale mail of the Lily {rElec} (You found
                  | it on level 2 of the Depths)
 70971 | Depths:2 | Paralysed by a vampire knight for 7 turns
 70992 | Depths:2 | Found Ytsiud's Book Boutique.
 71570 | Depths:3 | Reached XP level 22. HP: 174/174 MP: 27/27
 72146 | Depths:3 | Received a gift from Nemelex Xobeh
 72511 | Depths:3 | Noticed a juggernaut
 72534 | Depths:3 | Killed a juggernaut
 72536 | Depths:3 | Noticed a golden dragon
 72582 | Depths:3 | Killed a golden dragon
 73011 | Depths:3 | Found the +7 sceptre of Torment {pain, torment}
 73321 | Depths:3 | Reached skill level 10 in Armour
 74000 | Depths:4 | Received a gift from Nemelex Xobeh
 74133 | Depths:4 | Identified the +0 faerie dragon scales {rF++ rCorr}
 74133 | Depths:4 | Noticed the Enchantress
 74167 | Depths:3 | Reached skill level 25 in Stealth
 74375 | Depths:3 | Killed the Enchantress
 74781 | Depths:4 | Noticed a juggernaut
 74781 | Depths:4 | You fall through a shaft!
 74781 | Depths:5 | Entered Level 5 of the Depths
 74798 | Depths:5 | Noticed a golden dragon
 74803 | Depths:5 | Killed a golden dragon
 74843 | Depths:5 | Found a gate to the Realm of Zot.
 74974 | Depths:5 | Got a slimy wooden ring
 74975 | Depths:5 | Identified the ring of the Present {+Fly Int+3} (You found
                  | it on level 5 of the Depths)
 75000 | Depths:5 | Paralysed by a sphinx for 5 turns
 75195 | Depths:5 | Received a gift from Nemelex Xobeh
 75216 | Depths:5 | Noticed a juggernaut
 75288 | Depths:5 | Killed a juggernaut
 75811 | Depths:5 | Got an ancient copper ring
 75812 | Depths:5 | Identified the ring "Gyzxyesm" {rF+ Int+2 Dex+3} (You found
                  | it on level 5 of the Depths)
 75876 | Depths:5 | Paralysed by a floating eye for 2 turns
 75992 | Depths:5 | Reached XP level 23. HP: 180/180 MP: 28/28
 76091 | Depths:5 | Got a vibrating pewter ring
 76093 | Depths:5 | Identified the ring "Cireof" {rPois Str+3 Int-2 Slay+4
                  | SInv} (You found it on level 5 of the Depths)
 76866 | Depths:5 | Found a white marble altar of Elyvilon.
 76924 | Depths:5 | Got an ancient leather armour
 76939 | Depths:5 | Identified the +1 leather armour "Rutysesok" {*Corrode rF+
                  | rN++ SInv} (You found it on level 5 of the Depths)
 77519 | Depths:4 | Killed a juggernaut
 78249 | Vaults:5 | Entered Level 5 of the Vaults
 78340 | Vaults:4 | Reached skill level 26 in Stealth
 79030 | Vaults:5 | Noticed an ancient lich
 79160 | Vaults:5 | Received a gift from Nemelex Xobeh
 80005 | Vaults:4 | Reached XP level 24. HP: 178/187 MP: 28/28
 80044 | Vaults:4 | Killed an ancient lich
 80044 | Vaults:4 | Reached skill level 15 in Short Blades
 80397 | Vaults:4 | Paralysed by a sphinx for 7 turns
 81140 | Vaults:5 | Paralysed by a sphinx for 2 turns
 81986 | Vaults:5 | Paralysed by a sphinx for 2 turns
 82448 | Vaults:4 | Paralysed by a sphinx for 6 turns
 82635 | Vaults:5 | Cast into level 3 of the Abyss (a deep elf demonologist)
 82635 | Abyss:3  | Found a corrupted altar of Lugonu.
 82639 | Vaults:5 | Escaped the Abyss
 82973 | Vaults:5 | Paralysed by a floating eye for 2 turns
 83112 | Vaults:5 | Reached skill level 27 in Stealth
 83342 | Vaults:5 | Received a gift from Nemelex Xobeh
 83482 | Vaults:5 | Got a silver rune of Zot
 83697 | Vaults:5 | Identified the Incunabulum of Heat and the Birds
 83925 | Vaults:5 | Identified Zuegrer's Handbook of Talismans
 84213 | Vaults:5 | Found the +1 cloak of Starlight {rElec rC+ EV+4 Stlth--}
 84245 | Vaults:5 | Got an iridescent rapier
 84246 | Vaults:5 | Identified the +2 rapier "Killer Klown's Bane" {elec, rF++
                  | Int+3} (You found it on level 5 of the Vaults)
 84864 | Elf:2    | Received a gift from Nemelex Xobeh
 85083 | Elf:2    | Found Haruo's Book Shop.
 85298 | Elf:2    | Found a runed translucent gate.
 85298 | Elf:2    | Found a runed translucent gate.
 85299 | Elf:2    | Found a runed translucent gate.
 85470 | Elf:2    | Identified the Catalogue of the Mutagenic Rocks
 85859 | Elf:3    | Entered Level 3 of the Elven Halls
 85955 | Elf:3    | Received a gift from Nemelex Xobeh
 86433 | Elf:2    | Reached XP level 25. HP: 193/193 MP: 28/28
 87593 | Elf:3    | Reached skill level 15 in Armour
 87979 | Elf:3    | Identified the amulet "Jalop" {Regen+ Dex+3}
 87997 | Elf:3    | Identified the ring of Nypraef {*Tele Int+2}
 88168 | Elf:3    | Identified the cursed +1 robe of the Ancient Places {rF+
                  | Regen+ Str+3}
 88641 | Elf:3    | Identified the Incunabulum of the Compass and Slavery
 88643 | Elf:3    | Identified the Papyrus of Self-Improvement and the
                  | Traveller
 88647 | Elf:3    | Got a warped rapier
 88664 | Elf:3    | Identified the +7 rapier of Xuruergh {speed, *Rage rPois
                  | rN+ Dex+8} (You found it on level 3 of the Elven Halls)
 88994 | Slime:1  | Entered Level 1 of the Pits of Slime
 89005 | Slime:1  | Received a gift from Nemelex Xobeh
 89417 | Slime:1  | Gained mutation: Your body sometimes deteriorates upon
                  | taking damage. [a shining eye]
 89434 | Slime:1  | Lost mutation: Your system is resistant to poisons. (rPois)
                  | [potion of mutation]
 89434 | Slime:1  | Lost mutation: Your body sometimes deteriorates upon taking
                  | damage. [potion of mutation]
 89434 | Slime:1  | Gained mutation: You are partially covered in icy blue
                  | scales. (AC +2) [potion of mutation]
 89434 | Slime:1  | Gained mutation: Your spells are a little harder to cast,
                  | but a little more powerful. [potion of mutation]
 90064 | Slime:5  | Entered Level 5 of the Pits of Slime
 92471 | Zot:1    | Entered Level 1 of the Realm of Zot
 93424 | Zot:1    | Received a gift from Nemelex Xobeh
 93530 | Zot:1    | Reached XP level 26. HP: 198/200 MP: 28/28
 94015 | Zot:3    | Received a gift from Nemelex Xobeh
 94053 | Zot:5    | Entered Level 5 of the Realm of Zot
 95190 | Zot:5    | Noticed an orb of fire
 95196 | Zot:5    | Noticed an orb of fire
 95200 | Zot:5    | Noticed an ancient lich
 95204 | Zot:5    | Noticed an ancient lich
 95208 | Zot:5    | Noticed an ancient lich
 95222 | Zot:5    | Noticed an ancient lich
 95223 | Zot:5    | Killed an orb of fire
 95242 | Zot:5    | Killed an ancient lich
 95256 | Zot:5    | Noticed an orb of fire
 95264 | Zot:5    | Gained mutation: You are frail. (-10% HP) [an orb of fire]
 95266 | Zot:5    | Gained mutation: You occasionally shout uncontrollably at
                  | your foes. [an orb of fire]
 95276 | Zot:5    | Killed an orb of fire
 95398 | Zot:5    | Paralysed by an ancient lich for 4 turns
 95404 | Zot:5    | Paralysed by an ancient lich for 6 turns
 95440 | Zot:5    | Killed an ancient lich
 95495 | Zot:4    | Received a gift from Nemelex Xobeh
 96466 | Zot:5    | Noticed an ancient lich
 96500 | Zot:5    | Killed an ancient lich
 96518 | Zot:5    | Noticed an orb of fire
 96563 | Zot:5    | HP: 9/180 [black draconian knight/bolt of cold (8)]
 97453 | Zot:5    | Noticed an ancient lich
 97535 | Zot:5    | Gained mutation: You are dopey. (Int -2) [an orb of fire]
 97545 | Zot:5    | Gained mutation: You expend magic power (3 MP) to
                  | strengthen your wands. [an orb of fire]
 97560 | Zot:5    | Killed an orb of fire
 97862 | Zot:5    | Noticed an ancient lich
 97874 | Zot:5    | Killed an ancient lich
 98509 | Zot:5    | Got the Orb of Zot
 98514 | Zot:5    | Gained mutation: You are very frail. (-20% HP) [an orb of
                  | fire]
 98543 | Zot:5    | Killed an ancient lich
 98543 | Zot:5    | Reached XP level 27. HP: 156/164 MP: 28/28
 98684 | Zot:1    | HP: 2/164 [hellion/damnation (9)]
 98685 | Zot:1    | Killed from afar by a hellion

Vault maps used:
D:1:      dpeg_arrival_tiny_h, st_stairs_5
D:2:      kennysheep_okawaru_gauntlet, uniq_crazy_yiuf_cottage, uniq_jessica,
          uniq_sigmund
D:4:      uniq_ijyb, uniq_menkaure, uniq_natasha
D:5:      slow_altar_2, first_ration, serial_co_window_serial,
          co_window_corner_a, co_window_of_opportunity_a, co_window_paths_b,
          co_window_of_opportunity_a, co_window_corner_a, co_window_corner_a,
          co_window_corner_a, co_window_2corner, co_window_cross_4,
          co_window_broadway_c, glass_columns_a, kennysheep_generic_room_3,
          uniq_edmund
D:6:      minitemple, minmay_temple_entry_overgrown, serial_shops,
          nicolae_shop_trees, kennysheep_mini, nicolae_shop_waterfront,
          uniq_pikel, uniq_eustachio
D:8:      vehumet_crystals, nicolae_wwwww
D:9:      kennysheep_blocky_hall, basic_altar, minivault_27, uniq_erica,
          uniq_harold, uniq_erolcha
D:10:     erik_orc_4, serial_shops, nicolae_shop_statue_plus, grunt_livestock
D:11:     cheibrodos_steamvent, david_lair_generic, serial_shops, shop
D:12:     cheibriados_altar_1
D:13:     hangedman_vaults_entry_quadrant_bands, st_stairs_11,
          minmay_quadrilaterals, uniq_josephine
D:14:     nicolae_trove_entry_free_sample
D:15:     hangedman_depths_entry_civil_slaughter, serial_shops, bzr_entry_road,
          gauntlet_entry_generic, lemuel_mausoleum_altar_kikubaaqudgha
Temple:   nicolae_temple_x_marks_the_god
Lair:1:   basic_altar, roderic_batcave, serial_bayou_pond_d
Lair:2:   minmay_shoals_entry_hut, guppyfry_snake_entry_garden,
          portal_ice_cave_demonic_guard, serial_bayou_shore_a,
          grunt_megastairs_3, serial_bayou_shore_b, infiniplex_staircase_pool
Lair:3:   grunt_forest_large_clearings
Lair:4:   chequers_serial_rivers_micro_c
Lair:6:   guppyfry_lair_end_dragon, hangedman_lair_caniforms_friends,
          slime_altar_1, nicolae_volcano_entry_batcave
Shoals:4: shoals_end_grunt_ice
Snake:1:  grunt_megastairs_2, uniq_kirke, uniq_frances
Snake:2:  uniq_saint_roka
Snake:3:  minmay_shoptagon
Snake:4:  grunt_snake_rune_pools
Slime:2:  basic_altar
Slime:4:  cheibrodos_slime_lost_civilization_5
Slime:5:  uniq_dissolution
Orc:1:    nicolae_orc_flooded_monolith
Orc:2:    st_orc_town, serial_shops, shop, basic_altar
Elf:1:    eino_elf_arrival_sip, hangedman_corner_corridor, solitary_fountain
Elf:2:    serial_shops, shop_statue, lemuel_flame_loot_1
Elf:3:    minmay_elf_hall_four_x, minivault_15
Vaults:1: vaults_room_grunt_arrival_ludios, nicolae_vaults_little_squares_2,
          v_misc_22, vaults_dpeg_ring, grunt_vaults_funnel,
          nicolae_vaults_shelves_hall
Vaults:2: v_pattern_2, v_misc_27, v_misc_5, v_misc_2, hangedman_vaults_snaps,
          hangedman_vaults_slice, vaults_room_door_ring, st_cells,
          nicolae_vaults_diagonal_hallway_9, serial_shops, shop, uniq_asterion
Vaults:3: minmay_crypt_entry_skeletal_spiral, nicolae_vaults_yaktaur_gun_rack,
          hangedman_vaults_capsules, nicolae_vaults_triangles,
          ontoclasm_vaults_idyll, hangedman_vaults_trim, hangedman_vaults_slice,
          ontoclasm_vaults_chip, ontoclasm_vaults_ring_small, st_lattice
Vaults:4: v_misc_9, vaults_dpeg_diagonal, v_rooms_5, v_alt_pattern_1,
          nicolae_vaults_ninety_degrees, nicolae_vaults_angled_halls,
          vaults_mumra_chevron, v_misc_10, grunt_vaults_twisty, v_alt_pattern_2,
          ontoclasm_vaults_fault, basic_altar
Crypt:1:  cheibrodos_crypt_draghalla, minivault_5, minivault_23
Crypt:2:  nicolae_crypt_small_crypt, nicolae_crypt_statuary_hall
Crypt:3:  cryptofortress_bobbens
Depths:1: minmay_glassy_protrusions, hangedman_geh_valley,
          minmay_misc_feat_roman, grunt_decor_arrowhead,
          chequers_serial_rivers_small_b, minmay_fire_ice_demons
Depths:2: minmay_shrinking_squares, enter_ziggurat_c, solitary_fountain,
          rand_demon_pan_entry_5, hell_entry, serial_shops, shop, shop,
          nicolae_shop_overgrown_old_shop, abyss_entry,
          infiniplex_staircase_squiggle, grunt_megastairs_4
Depths:3: minmay_broken_ring, minmay_misc_feat_hallway, grunt_hell_entry_dis_mu,
          grunt_pan_entry_spiral, minmay_staircase_statues_hall_small
Depths:4: minmay_outward_triangles, minivault_14, hell_entry,
          abyss_entry_small_statue_room, drop_trap, hangedman_aviary,
          uniq_enchantress
Depths:5: hangedman_spin_cycle, serial_shops, hell_entry, pan_entry
Dis:1:    hangedman_dis_decor_blocks_crown
Dis:2:    nicolae_dis_hell_towers
Dis:7:    iron_city_of_dis
Geh:4:    nicolae_geh_sunburst, lemuel_old_faithful
Geh:7:    geh_mu
Coc:7:    coc_old
Tar:3:    grunt_megastairs_5
Tar:7:    tar_minmay_river
Zot:1:    st_stairs_7
Zot:2:    grunt_ministairs_3
Zot:3:    nicolae_transmutations_shop
Zot:4:    kennysheep_blocky_room
Abyss:3:  lemuel_flamethrower_3
Bazaar:   bazaar_lake
Trove:    trove_simple

Skill      XL: |  1  2  3  4  5  6  7  8  9 10 11 12 13 14 15 16 17 18 19 20 21 22 23 24 25 26 27 |
---------------+----------------------------------------------------------------------------------+-----
Stealth        | 6 7 8 9 10 11 12 13 15 16 17 19 20 22 23 24 25 26 27 | 27.0
Fighting       | 2 3 4 5 6 7 8 9 10 11 13 14 | 14.9
Short Blades   | 3 4 5 6 7 8 9 10 12 13 14 16 18 20 | 20.1
Dodging        | 3 4 5 6 7 8 9 10 12 13 15 16 17 18 19 20 21 22 23 24 | 24.0
Evocations     | 2 3 5 6 7 |  7.2
Invocations    | 2 3 4 |  4.5
Shields        | 4 6 8 10 11 12 13 17 18 | 18.2
Long Blades    | 5 |  5.6
Armour         | 4 8 11 13 14 16 17 | 17.4
Throwing       | |  1.5

Action                   |  1- 3 |  4- 6 |  7- 9 | 10-12 | 13-15 | 16-18 | 19-21 | 22-24 | 25-27 || total
-------------------------+-------+-------+-------+-------+-------+-------+-------+-------+-------++-------
Melee: Dagger            |    76 |    90 |   357 |       |       |       |       |       |       ||   523
       Bite              |     2 |     8 |    54 |   145 |   305 |   587 |  1107 |   855 |   605 ||  3668
       Quick blade       |       |       |    71 |  1057 |  2152 |  3576 |  4747 |  3387 |  2126 || 17116
       Scimitar          |       |       |       |       |     6 |     5 |       |       |       ||    11
       Demon blade       |       |       |       |       |       |       |       |       |   171 ||   171
 Fire: Blowgun           |     9 |    34 |     4 |    16 |     9 |     5 |       |       |       ||    77
Invok: Deal Four         |       |       |       |       |       |     3 |     1 |     6 |       ||    10
 Abil: Evoke Invisibilit |       |     2 |     3 |     4 |     1 |     2 |       |       |       ||    12
       Draw Destruction  |       |       |     2 |    15 |    39 |    40 |     9 |     7 |     4 ||   116
       End Transformatio |       |       |     1 |       |       |       |       |       |       ||     1
       Bat Form          |       |       |     1 |       |       |       |       |       |       ||     1
       Draw Summoning    |       |       |       |     9 |     5 |    17 |     6 |     4 |       ||    41
Evoke: Wand              |       |       |       |       |     1 |       |     1 |       |       ||     2
  Use: Scroll            |     6 |     1 |    15 |     9 |    20 |    22 |    15 |    19 |    14 ||   121
       Potion            |     4 |     7 |     8 |    15 |    21 |    35 |    19 |    23 |    22 ||   154
 Stab: Sleeping          |    16 |    15 |    18 |    50 |    48 |    65 |    70 |    44 |    19 ||   345
       Distracted        |       |     2 |     3 |     2 |    10 |    15 |     9 |    10 |    11 ||    62
       Invisible         |       |       |     4 |    10 |     1 |     3 |       |       |       ||    18
       Confused          |       |       |       |       |     1 |       |       |       |       ||     1
       Petrifying        |       |       |       |       |       |       |       |     1 |       ||     1
Armor: Robe              |    21 |    11 |    36 |    44 |   125 |   299 |     3 |       |       ||   539
       Pearl dragon scal |       |       |       |       |       |       |   425 |   429 |    23 ||   877
       Shadow dragon sca |       |       |       |       |       |       |       |       |   299 ||   299
Dodge: Dodged            |    52 |    51 |   196 |   311 |   770 |  1369 |  1153 |   940 |   650 ||  5492
Block: Buckler           |       |       |       |   109 |   467 |   859 |   403 |       |       ||  1838
       Reflection        |       |       |       |     2 |    17 |    92 |    40 |       |       ||   151
       Shield            |       |       |       |       |       |       |  1240 |  1614 |  1096 ||  3950
       Rpst.: Scimitar   |       |       |       |       |     1 |     1 |       |       |       ||     2
       Demon blade       |       |       |       |       |       |       |       |       |    13 ||    13

Table legend:
 A = Non-vault XP
 B = Vault XP
 C = Vault XP percentage of total XP
 D = Non-vault monster count
 E = Vault monster count
 F = Vault count percentage of total count
                 A         B        C        D         E       F
            +---------+---------+-------+---------+---------+-------
      Total |  738003 |  728879 |  49.7 |    1497 |     858 |  36.4
            +---------+---------+-------+---------+---------+-------
        D:1 |      38 |       2 |   5.0 |      24 |       2 |   7.7
        D:2 |     161 |     309 |  65.7 |      16 |       3 |  15.8
        D:3 |     156 |       0 |   0.0 |      21 |       0 |   0.0
        D:4 |     208 |     246 |  54.2 |       9 |       3 |  25.0
        D:5 |     969 |     177 |  15.4 |      24 |       3 |  11.1
        D:6 |    1002 |     767 |  43.4 |      22 |       2 |   8.3
        D:7 |     781 |       0 |   0.0 |      12 |       0 |   0.0
        D:8 |    1843 |       0 |   0.0 |      15 |       0 |   0.0
        D:9 |    2490 |    3298 |  57.0 |      30 |       6 |  16.7
       D:10 |    2124 |    1683 |  44.2 |      29 |      23 |  44.2
       D:11 |    3492 |    1033 |  22.8 |      36 |       5 |  12.2
       D:12 |    6581 |     130 |   1.9 |      52 |       1 |   1.9
       D:13 |    3662 |    9097 |  71.3 |      20 |      31 |  60.8
       D:14 |   11333 |       0 |   0.0 |      48 |       0 |   0.0
       D:15 |   14428 |    6014 |  29.4 |      38 |      18 |  32.1
     Lair:1 |    5791 |      11 |   0.2 |      20 |       7 |  25.9
     Lair:2 |    7134 |    1483 |  17.2 |      30 |       7 |  18.9
     Lair:3 |    1486 |    3246 |  68.6 |       6 |      37 |  86.0
     Lair:4 |    4202 |       0 |   0.0 |      11 |       0 |   0.0
     Lair:5 |    8249 |       0 |   0.0 |      27 |       0 |   0.0
     Lair:6 |   12498 |   14649 |  54.0 |      50 |      76 |  60.3
   Shoals:1 |    9140 |       0 |   0.0 |      22 |       0 |   0.0
   Shoals:2 |   12752 |       0 |   0.0 |      30 |       0 |   0.0
   Shoals:3 |   11523 |    1932 |  14.4 |      20 |       3 |  13.0
   Shoals:4 |    4345 |   17397 |  80.0 |       9 |      25 |  73.5
    Snake:1 |   13389 |    5395 |  28.7 |      32 |      10 |  23.8
    Snake:2 |    5567 |     483 |   8.0 |      10 |       8 |  44.4
    Snake:3 |   25345 |     568 |   2.2 |      45 |       2 |   4.3
    Snake:4 |   22817 |   38804 |  63.0 |      43 |      58 |  57.4
    Slime:1 |    4373 |       0 |   0.0 |       6 |       0 |   0.0
    Slime:3 |    3430 |       0 |   0.0 |       7 |       0 |   0.0
    Slime:4 |   13773 |       0 |   0.0 |      18 |       0 |   0.0
    Slime:5 |   12449 |       0 |   0.0 |      19 |       0 |   0.0
      Orc:1 |     266 |    1708 |  86.5 |       5 |      11 |  68.8
      Orc:2 |    3232 |    5264 |  62.0 |      27 |      50 |  64.9
      Elf:1 |   18548 |    1088 |   5.5 |      33 |       2 |   5.7
      Elf:2 |   33194 |   12851 |  27.9 |      51 |      15 |  22.7
      Elf:3 |   21907 |   62869 |  74.2 |      39 |      43 |  52.4
   Vaults:1 |   36454 |    7246 |  16.6 |      55 |       8 |  12.7
   Vaults:2 |   32829 |   19861 |  37.7 |      56 |      22 |  28.2
   Vaults:3 |   42184 |   35814 |  45.9 |      84 |      50 |  37.3
   Vaults:4 |   53898 |  121788 |  69.3 |      81 |      99 |  55.0
   Vaults:5 |    7240 |   36108 |  83.3 |      12 |      26 |  68.4
   Depths:1 |   34403 |   11289 |  24.7 |      47 |      28 |  37.3
   Depths:2 |   46942 |   26041 |  35.7 |      59 |      21 |  26.2
   Depths:3 |   43186 |   39471 |  47.8 |      55 |      34 |  38.2
   Depths:4 |   18441 |   19437 |  51.3 |      21 |      14 |  40.0
   Depths:5 |       0 |   89108 | 100.0 |       0 |      74 | 100.0
      Zot:1 |   66813 |    4100 |   5.8 |      43 |       2 |   4.4
      Zot:2 |    3241 |       0 |   0.0 |       1 |       0 |   0.0
      Zot:4 |    5753 |    5507 |  48.9 |       3 |       1 |  25.0
      Zot:5 |   41941 |  122605 |  74.5 |      24 |      28 |  53.8
            +---------+---------+-------+---------+---------+-------
